 Dungeon Crawl Stone Soup version 0.29.1-13-g9f3cf754e1 (webtiles) character file.

Game seed: 14530125620331457243

51432 booth the Cruncher (level 14, 0/110 HPs)
             Began as a Gnoll Wanderer on Feb 1, 2023.
             Was an Elder of Elyvilon.
             Slain by an ice dragon (1 damage)
             ... while petrified by a catoblepas
             ... on level 12 of the Dungeon on Feb 3, 2023.
             The game lasted 03:36:53 (27838 turns).

booth the Cruncher (Gnoll Wanderer)                Turns: 27838, Time: 03:36:53

Health: 0/110      AC: 17    Str: 15    XL:     14   Next: 59%
Magic:  28/28      EV:  2    Int:  8    God:    Elyvilon [****..]
Gold:   1527       SH:  0    Dex: 17    Spells: 12/33 levels left

rFire   + . .      SeeInvis +   e - +9 flail (vorpal)
rCold   . . .      Faith    .   I - +2 kite shield
rNeg    + + +      Spirit   .   l - +0 leather armour {rPois}
rPois   ∞          Reflect  +   c - +0 hat {Will+}
rElec   .          Harm     .   C - +2 cloak of the Thief {*Fog Slay-2 SInv Stlth+}
rCorr   .          Rampage  .   x - +1 pair of gloves
Will    ++...                   q - +0 pair of boots
Stlth   +++++.....              T - amulet of reflection
HPRegen 0.28/turn               Q - ring of Mirth {Wiz rF+}
MPRegen 0.21/turn               g - ring "Muabum" {+Blink AC+4 SInv}

@: petrified
A: fangs 1, strong nose, distributed training, horns 1, iridescent scales 1,
wild magic 1
a: Renounce Religion, Evoke Blink, Purification, Heal Other, Heal Self


You were on level 12 of the Dungeon.
You worshipped Elyvilon.
Elyvilon was greatly pleased with you.
You visited 2 branches of the dungeon, and saw 17 of its levels.
You also visited: Sewer.

You collected 1959 gold pieces.
You spent 432 gold pieces at shops.

Inventory:

Hand Weapons
 a - a +4 vorpal quarterstaff
 e - a +9 vorpal flail (weapon)
 u - the +0 whip "Cizilew" {spect, Stlth+}
   (You found it on level 2 of the Dungeon)

   When its wielder attacks, the weapon's spirit leaps out and strikes again.
   The spirit shares a part of any damage it takes with its wielder.
   Stlth:     It makes you more stealthy.
 N - a +4 mace of holy wrath
Missiles
 o - 8 javelins
 p - 8 curare-tipped darts
 t - 16 poisoned darts (quivered)
 G - 3 throwing nets
 K - 6 datura-tipped darts
 L - 15 boomerangs
 X - 4 atropa-tipped darts
Armour
 c - a +0 hat of willpower (worn)
 l - a +0 leather armour of poison resistance (worn)
 q - a +0 pair of boots (worn)
 s - a +2 ring mail of fire resistance
 x - a +1 pair of gloves (worn)
 C - the +2 cloak of the Thief (worn) {*Fog Slay-2 SInv Stlth+}
   (You acquired it on level 4 of the Dungeon)

   It may release a thick cloud of smoke when the wearer is hurt.
   Slay:      It affects your accuracy & damage with ranged weapons and melee
   (-2).
   SInv:      It lets you see invisible.
   Stlth:     It makes you more stealthy.
 I - a +2 kite shield (worn)
Jewellery
 g - the ring "Muabum" (right hand) {+Blink AC+4 SInv}
   (You acquired it on level 2 of the Dungeon)

   [ring of protection]

   AC:        It affects your AC (+4).
   SInv:      It lets you see invisible.
   +Blink:    It lets you blink.
 v - a +6 ring of dexterity
 Q - the ring of Mirth (left hand) {Wiz rF+}
   (You acquired it on level 10 of the Dungeon)

   [ring of wizardry]

   It improves your spell success rate.
   rF:        It protects you from fire.
 T - an amulet of reflection (around neck)
 Y - a ring of flight
 Z - a +6 ring of intelligence
Wands
 k - a wand of acid (7)
 z - a wand of flame (30)
 D - a wand of polymorph (12)
 E - a wand of charming (9)
 F - a wand of digging (8)
 H - a wand of iceblast (19)
Scrolls
 d - 2 scrolls of fear
 i - 2 scrolls of identify
 m - 7 scrolls of teleportation
 w - 3 scrolls of blinking
 y - a scroll of fog
 J - 4 scrolls of amnesia
 O - a scroll of silence
Potions
 b - a potion of flight
 f - a potion of ambrosia
 h - 7 potions of curing
 j - 3 potions of cancellation
 n - 4 potions of mutation
 r - a potion of lignification
 M - 2 potions of attraction
 P - 3 potions of berserk rage
 W - 3 potions of might
Miscellaneous
 B - a box of beasts (inert)


   Skills:
 + Level 10.1 Fighting
 + Level 9.8 Short Blades
 + Level 10.1 Long Blades
 + Level 9.8 Axes
 + Level 9.8 Maces & Flails
 + Level 9.8 Polearms
 + Level 12.8 Staves
 + Level 9.8 Ranged Weapons
 + Level 9.8 Throwing
 + Level 9.8 Armour
 + Level 10.8 Dodging
 + Level 9.8 Stealth
 + Level 9.8 Shields
 + Level 9.8 Unarmed Combat
 + Level 10.2 Spellcasting
 + Level 8.2 Conjurations
 + Level 8.2 Hexes
 + Level 8.2 Summonings
 + Level 8.2 Necromancy
 + Level 8.2 Translocations
 + Level 8.2 Transmutations
 + Level 8.2 Fire Magic
 + Level 8.2 Ice Magic
 + Level 8.2 Air Magic
 + Level 8.2 Earth Magic
 + Level 8.2 Poison Magic
 + Level 11.0 Invocations
 + Level 9.8 Evocations


You had 12 spell levels left.
You knew the following spells:

 Your Spells              Type           Power      Damage    Failure   Level
a - Slow                  Hex            88%        N/A       1%          1
b - Ensorcelled Hibernat  Hex/Ice        44%        N/A       1%          2
c - Sandblast             Erth           44%        2d11      1%          1
d - Passwall              Tmut/Erth      18%        N/A       1%          2
e - Call Canine Familiar  Summ           22%        N/A       2%          3
f - Gell's Gravitas       Tloc           22%        N/A       2%          3
g - Ozocubu's Armour      Ice            22%        N/A       2%          3
h - Teleport Other        Tloc           22%        N/A       2%          3
i - Tukima's Dance        Hex            22%        N/A       2%          3

Your spell library contained the following spells:

 Spells                   Type           Power      Damage    Failure   Level
 Confusing Touch          Hex            22%        N/A       2%          3
 Portal Projectile        Hex/Tloc       44%        N/A       2%          3
 Spider Form              Tmut/Pois      22%        N/A       2%          3
 Stone Arrow              Conj/Erth      44%        3d9       2%          3
 Summon Guardian Golem    Hex/Summ       22%        N/A       2%          3
 Vampiric Draining        Necr           22%        2d7       2%          3
 Anguish                  Hex/Necr       11%        N/A       9%          4
 Leda's Liquefaction      Hex/Erth       11%        N/A       9%          4
 Alistair's Intoxication  Tmut/Pois      14%        N/A       21%         5
 Blade Hands              Tmut           11%        N/A       21%         5
 Borgnjor's Vile Clutch   Necr/Erth      11%        N/A       21%         5
 Summon Forest            Summ/Tloc      11%        N/A       21%         5
 Summon Mana Viper        Hex/Summ       22%        N/A       21%         5
 Dispersal                Tloc           11%        N/A       67%         6
 Eringya's Noxious Bog    Tmut/Pois      11%        N/A       67%         6
 Summon Cactus Giant      Summ           11%        N/A       67%         6
 Orb of Destruction       Conj           11%        9d6       99%         7
 Ozocubu's Refrigeration  Ice            11%        4d9       99%         7
 Spellforged Servitor     Conj/Summ      11%        N/A       99%         7


Dungeon Overview and Level Annotations

Branches:
Dungeon (12/15)            Temple (0/1) D:7            Lair (5/5) D:9
  Swamp (0/4) Lair:3        Snake (0/4) Lair:3        Slime (0/5) Lair:4
    Orc (0/2) D:12          Sewer (visited)

Altars:
Cheibriados
Elyvilon
Fedhas
Hepliaklqana
Qazlal
Uskayaw
The Shining One
Jiyva

Shops:
D:3 (

Portals:
Trove: D:12 (give 8 potions of haste)

Annotations:
D:6 3 runed translucent doors, cheesebisquit's ghost, novice MiBe
D:9 3 runed translucent doors, FexLirch's ghost, journeyman DjCj


Innate Abilities, Weirdness & Mutations

You have very sharp teeth.
Your uncanny sense of smell can sniff out nearby items.
Your experience applies equally to all skills.
You have a pair of small horns on your head.
You are partially covered in iridescent scales. (AC +2)
Your spells are a little harder to cast, but a little more powerful.


Message History

The catoblepas gores you but does no damage.
The ice dragon bites you. You block the ice dragon's attack. x2
Aiming: Throw Flame
Press: ? - help, Q - select action, (/) - cycle Shift-Dir - straight line, f/p - ice dragon
Aim: an ice dragon (82% to hit)
The puff of flame hits the ice dragon.
The ice dragon is burned terribly!
The ice dragon is lightly wounded.
You are engulfed in calcifying dust.
Your limbs have turned to stone.
You block the catoblepas's attack. The ice dragon breathes frost at you.
The blast of cold hits you!!
With a swish of your cloak, you release a cloud of fog.
The ice dragon bites you!
The ice dragon claws you but does no damage.
The ice dragon tramples you but does no damage.
The catoblepas gores you!!
* * * LOW HITPOINT WARNING * * *
With a swish of your cloak, you release a cloud of fog.
You have turned to stone.
You are engulfed in calcifying dust.
The catoblepas gores you.
* * * LOW HITPOINT WARNING * * *
The ice dragon bites you but does no damage.
The ice dragon claws you!
* * * LOW HITPOINT WARNING * * *
The ice dragon tramples you.
* * * LOW HITPOINT WARNING * * *
You hold your ground!
The ice dragon bites you!
* * * LOW HITPOINT WARNING * * *
The ice dragon claws you. The ice dragon tramples you.
* * * LOW HITPOINT WARNING * * *
You hold your ground!
The catoblepas breathes a plume of calcifying dust at you.
The blast of calcifying dust hits you.
* * * LOW HITPOINT WARNING * * *
The catoblepas gores you but does no damage.
The ice dragon bites you.
* * * LOW HITPOINT WARNING * * *
The ice dragon claws you.
You die...

##### ######### #...# #.......#
###### #...###......§### #.....
#............§§@# #.....
#............§YD# #.....
#............§§§###########.....
##...............................
....########....<................
....#......'...........#########.
....#......#.......§§..# #.
....#......#...........# #.
....#......#.(....(....### #§


You could see an ice dragon (catching breath) and a catoblepas.

Vanquished Creatures
  Gastronok (Lair:3)
  8 hydras
  An ogre mage (D:12)
  A tengu warrior (D:12)
  5 two-headed ogres
  Urug (D:10)
  2 manticores
  8 elephants (Lair:5)
  2 cyclopes (D:12)
  A guardian serpent (Lair:3)
  6 black mambas
  A gargoyle (D:12)
  2 rime drakes
  An unseen horror (D:12)
  17 cane toads
  7 komodo dragons
  Maggie (Lair:2)
  2 polar bears (Lair:5)
  3 trolls
  A hornet (D:9)
  A tyrant leech (Lair:5)
  30 blink frogs
  12 dream sheep
  The ghost of Thatpatchoflichen the Trooper, an amateur OgFi (D:3)
  A vampire (D:12)
  A wraith (D:10)
  2 wyverns
  3 basilisks
  14 yaks
  2 steam dragons
  14 vampire mosquitoes
  A warg (D:9)
  An acid dragon (D:11)
  7 water moccasins
  9 orc warriors
  Pargi (Sewer)
  2 ice beasts (D:6)
  A sky beast (D:6)
  2 black bears
  5 ogres
  18 wolves (Lair:4)
  3 centaurs
  2 phantoms
  A kobold brigand (D:11)
  19 bullfrogs
  2 necrophages
  A gnoll sergeant (D:3)
  3 scorpions
  4 wights (D:8)
  19 killer bees
  2 electric eels (Lair:5)
  A howler monkey (D:12)
  2 jellies
  4 hounds
  7 orc priests
  A gnoll bouda (D:8)
  Crazy Yiuf (D:4)
  Jessica (D:3)
  4 iguanas
  Ijyb (D:3)
  7 orc wizards
  11 gnolls
  16 adders
  An ufetubus (D:5)
  A worm (D:4)
  34 orcs
  9 endoplasms
  2 giant cockroaches
  7 hobgoblins
  6 quokkas
  5 ball pythons
  4 bats
  7 frilled lizards
  4 goblins
  15 kobolds
  6 rats
412 creatures vanquished.

Vanquished Creatures (collateral kills)
  A yak (Lair:2)
  An orc priest (D:7)
2 creatures vanquished.

Vanquished Creatures (others)
  A two-headed ogre (D:12)
  A cyclops (D:12)
  2 elephants (Lair:5)
  A wraith (D:11)
  A yak (Lair:5)
  A basilisk (Lair:5)
  An ogre (D:12)
  2 orc priests
  44 fungi
  128 plants
182 creatures vanquished.

Grand Total: 596 creatures vanquished

Notes
Turn   | Place    | Note
-------+----------+-------------------------------------------
     0 | D:1      | booth the Gnoll Wanderer began the quest for the Orb.
     0 | D:1      | booth set off with the following items: a +0 vorpal
                  | quarterstaff, a +0 falchion, a +0 pair of boots, a scroll
                  | of fear, a +0 leather armour.
     0 | D:1      | Reached XP level 1. HP: 17/17 MP: 4/4
   487 | D:1      | Reached XP level 2. HP: 23/23 MP: 5/5
  1102 | D:2      | Reached XP level 3. HP: 13/28 MP: 7/7
  1544 | D:2      | Reached skill level 1 in Short Blades
  1544 | D:2      | Reached skill level 1 in Axes
  1544 | D:2      | Reached skill level 1 in Maces & Flails
  1544 | D:2      | Reached skill level 1 in Polearms
  1544 | D:2      | Reached skill level 1 in Ranged Weapons
  1544 | D:2      | Reached skill level 1 in Throwing
  1544 | D:2      | Reached skill level 1 in Armour
  1544 | D:2      | Reached skill level 1 in Stealth
  1544 | D:2      | Reached skill level 1 in Shields
  1544 | D:2      | Reached skill level 1 in Unarmed Combat
  1544 | D:2      | Reached skill level 1 in Evocations
  1919 | D:2      | Found a faded altar of an unknown god.
  1923 | D:2      | Identified the +0 whip "Cizilew" {spect, Stlth+}
  1926 | D:2      | Prayed at the altar of an unknown god.
  1926 | D:2      | Became a worshipper of Elyvilon the Healer
  1926 | D:2      | Reached * piety under Elyvilon
  1999 | D:2      | Identified a scroll of acquirement
  1999 | D:2      | Acquired the ring "Muabum" {+Blink AC+4 SInv}
  2239 | D:3      | Noticed Ijyb
  2251 | D:3      | Reached skill level 1 in Conjurations
  2251 | D:3      | Reached skill level 1 in Hexes
  2251 | D:3      | Reached skill level 1 in Summonings
  2251 | D:3      | Reached skill level 1 in Necromancy
  2251 | D:3      | Reached skill level 1 in Translocations
  2251 | D:3      | Reached skill level 1 in Transmutations
  2251 | D:3      | Reached skill level 1 in Fire Magic
  2251 | D:3      | Reached skill level 1 in Ice Magic
  2251 | D:3      | Reached skill level 1 in Air Magic
  2251 | D:3      | Reached skill level 1 in Earth Magic
  2251 | D:3      | Reached skill level 1 in Poison Magic
  2251 | D:3      | Reached XP level 4. HP: 30/34 MP: 8/8
  2300 | D:2      | Reached skill level 5 in Fighting
  2300 | D:2      | Reached skill level 5 in Long Blades
  2300 | D:2      | Reached skill level 9 in Staves
  2300 | D:2      | Reached skill level 5 in Spellcasting
  2300 | D:2      | Reached skill level 5 in Invocations
  2300 | D:2      | Reached XP level 5. HP: 40/44 MP: 12/12
  2347 | D:3      | Found Oxaebegurgh's Antique Weapon Boutique.
  2430 | D:3      | Reached XP level 6. HP: 27/51 MP: 13/13
  2785 | D:3      | Killed Ijyb
  2896 | D:3      | Reached ** piety under Elyvilon
  2911 | D:3      | Found a glowing drain.
  2930 | Sewer    | Entered a sewer
  2982 | Sewer    | Noticed Pargi
  2997 | Sewer    | Killed Pargi
  3200 | D:3      | Noticed Jessica
  3205 | D:3      | Killed Jessica
  3206 | D:3      | Reached XP level 7. HP: 53/56 MP: 15/15
  3512 | D:3      | Found a runed translucent gate.
  3513 | D:3      | Found a runed translucent gate.
  3513 | D:3      | Found a runed translucent gate.
  3514 | D:3      | Noticed Thatpatchoflichen's ghost (amateur OgFi)
  3602 | D:3      | Killed Thatpatchoflichen's ghost
  3629 | D:3      | Acquired 437 gold pieces
  3681 | D:3      | Bought a glowing lajatang for 432 gold pieces
  4065 | D:4      | Reached XP level 8. HP: 63/63 MP: 16/16
  4273 | D:4      | Reached *** piety under Elyvilon
  4302 | D:4      | Found a runed translucent door.
  4303 | D:4      | Noticed Crazy Yiuf
  4315 | D:4      | Killed Crazy Yiuf
  4719 | D:5      | Entered Level 5 of the Dungeon
  4836 | D:5      | Reached skill level 5 in Short Blades
  4836 | D:5      | Reached skill level 5 in Axes
  4836 | D:5      | Reached skill level 5 in Maces & Flails
  4836 | D:5      | Reached skill level 5 in Polearms
  4836 | D:5      | Reached skill level 5 in Ranged Weapons
  4836 | D:5      | Reached skill level 5 in Throwing
  4836 | D:5      | Reached skill level 5 in Armour
  4836 | D:5      | Reached skill level 5 in Stealth
  4836 | D:5      | Reached skill level 5 in Shields
  4836 | D:5      | Reached skill level 5 in Unarmed Combat
  4836 | D:5      | Reached skill level 5 in Evocations
  5139 | D:5      | Reached skill level 10 in Staves
  5212 | D:5      | Gained mutation: You have a pair of small horns on your
                  | head. [potion of mutation]
  5212 | D:5      | Gained mutation: Your spells are a little harder to cast,
                  | but a little more powerful. [potion of mutation]
  5212 | D:5      | Gained mutation: You are partially covered in iridescent
                  | scales. (AC +2) [potion of mutation]
  6027 | D:5      | Reached XP level 9. HP: 69/69 MP: 17/17
  6336 | D:6      | Found a runed translucent gate.
  6336 | D:6      | Found a runed translucent gate.
  6336 | D:6      | Found a runed translucent gate.
  6336 | D:6      | Reached **** piety under Elyvilon
  6336 | D:6      | Noticed cheesebisquit's ghost (novice MiBe)
  6336 | D:6      | Noticed a kobold demonologist
  6839 | D:6      | Found a faded altar of an unknown god.
  6841 | D:6      | Found a hazy altar of Hepliaklqana.
  7672 | D:7      | Noticed a manticore
  8011 | D:7      | Killed a manticore
  8012 | D:7      | Reached XP level 10. HP: 26/77 MP: 19/19
  8308 | D:7      | Found a staircase to the Ecumenical Temple.
  8327 | D:7      | Found a white marble altar of Elyvilon.
  8427 | D:8      | Noticed a five-headed hydra
  8431 | D:8      | Found a blossoming altar of Fedhas.
  8452 | D:8      | Killed a five-headed hydra
  8640 | D:8      | Found a stormy altar of Qazlal.
  8677 | D:8      | Found a snail-covered altar of Cheibriados.
  8715 | D:8      | Reached skill level 5 in Conjurations
  8715 | D:8      | Reached skill level 5 in Hexes
  8715 | D:8      | Reached skill level 5 in Summonings
  8715 | D:8      | Reached skill level 5 in Necromancy
  8715 | D:8      | Reached skill level 5 in Translocations
  8715 | D:8      | Reached skill level 5 in Transmutations
  8715 | D:8      | Reached skill level 5 in Fire Magic
  8715 | D:8      | Reached skill level 5 in Ice Magic
  8715 | D:8      | Reached skill level 5 in Air Magic
  8715 | D:8      | Reached skill level 5 in Earth Magic
  8715 | D:8      | Reached skill level 5 in Poison Magic
  8824 | D:8      | Found a glowing golden altar of the Shining One.
  8832 | D:8      | Reached ***** piety under Elyvilon
  8860 | D:8      | Acquired the +2 cloak of the Thief {*Fog Slay-2 SInv
                  | Stlth+}
  8860 | D:8      | Found the +2 cloak of the Thief {*Fog Slay-2 SInv Stlth+}
  9178 | D:8      | Found a hide-covered altar of Uskayaw.
  9227 | D:8      | Learned a level 1 spell: Slow
  9230 | D:8      | Learned a level 2 spell: Ensorcelled Hibernation
 10329 | D:9      | Found a runed translucent gate.
 10330 | D:9      | Found a runed translucent gate.
 10331 | D:9      | Found a runed translucent gate.
 10358 | D:9      | Elyvilon protects you from harm!
 10545 | D:9      | Found a staircase to the Lair.
 10568 | D:9      | HP: 3/77 [warg (13)]
 10693 | D:10     | Entered Level 10 of the Dungeon
 11019 | D:9      | Noticed a two-headed ogre
 11584 | D:9      | Reached XP level 11. HP: 81/84 MP: 21/21
 11738 | D:9      | Noticed FexLirch's ghost (journeyman DjCj)
 12302 | D:10     | Acquired the ring of Mirth {Wiz rF+}
 12310 | D:10     | Noticed Urug
 12338 | D:10     | Killed Urug
 12480 | D:10     | Learned a level 1 spell: Sandblast
 12483 | D:10     | Learned a level 2 spell: Passwall
 12487 | D:10     | Learned a level 3 spell: Call Canine Familiar
 12491 | D:10     | Learned a level 3 spell: Gell's Gravitas
 12495 | D:10     | Learned a level 3 spell: Ozocubu's Armour
 12499 | D:10     | Learned a level 3 spell: Teleport Other
 12503 | D:10     | Learned a level 3 spell: Tukima's Dance
 12994 | D:11     | Noticed a two-headed ogre
 12999 | D:11     | Pacified a two-headed ogre
 13192 | D:11     | Reached skill level 11 in Staves
 13490 | D:11     | Noticed a two-headed ogre
 13497 | D:11     | Killed a two-headed ogre
 13637 | D:11     | Noticed a manticore
 13664 | D:11     | Killed a manticore
 14115 | Lair:1   | Entered Level 1 of the Lair of Beasts
 14529 | Lair:1   | Reached XP level 12. HP: 80/92 MP: 23/23
 15301 | Lair:2   | Noticed a five-headed hydra
 15321 | Lair:2   | Pacified a five-headed hydra
 16363 | Lair:2   | Noticed a six-headed hydra
 16436 | Lair:2   | Killed a six-headed hydra
 16707 | Lair:2   | Noticed Maggie
 16934 | Lair:2   | Killed Maggie
 17338 | Lair:3   | Found a staircase to the Swamp.
 17435 | Lair:3   | Noticed Gastronok
 17465 | Lair:3   | Killed Gastronok
 17679 | Lair:3   | Found a staircase to the Snake Pit.
 17679 | Lair:3   | Noticed a five-headed hydra
 17691 | Lair:3   | Killed a five-headed hydra
 17748 | Lair:3   | Reached XP level 13. HP: 45/99 MP: 25/25
 18546 | Lair:4   | Found a staircase to the Slime Pits.
 18547 | Lair:4   | Found a viscous altar of Jiyva.
 19151 | Lair:4   | Reached ****** piety under Elyvilon
 19189 | Lair:4   | You fall into a shaft and drop 1 floor!
 19189 | Lair:5   | Entered Level 5 of the Lair of Beasts
 19200 | Lair:5   | Reached skill level 12 in Staves
 20475 | Lair:5   | Reached skill level 10 in Dodging
 20475 | Lair:5   | Reached skill level 10 in Invocations
 22043 | Lair:5   | Reached XP level 14. HP: 36/108 MP: 27/27
 25134 | D:12     | Found a portal to a secret trove of treasure.
 25209 | D:12     | Reached skill level 10 in Spellcasting
 25321 | D:12     | Reached skill level 10 in Fighting
 25321 | D:12     | Reached skill level 10 in Long Blades
 25824 | D:12     | Found a staircase to the Orcish Mines.
 26609 | D:12     | Noticed an iron dragon
 27837 | D:12     | HP: 4/110 [ice dragon (2)]
 27837 | D:12     | HP: 1/110 [catoblepas/blast of calcifying dust (3)]
 27838 | D:12     | Slain by an ice dragon

Illustrated notes

Levels and vault maps discovered:
D:1:      dpeg_arrival_snail, layout_basic
D:2:      layout_basic, chequers_ecumenical_altar_grove, bh_walls_and_bars
D:3:      layout_loops_ring, serial_shops, shop, portal_sewer_entry_d,
          ebering_ghost_rock_garden, uniq_ijyb, uniq_jessica
D:4:      layout_cave_pools, minmay_misc_feat_iff, chequers_jeans,
          uniq_crazy_yiuf_cottage
D:5:      minmay_opposing_rooms, layout_loops_ring
D:6:      nicolae_cairo_tiling_large, layout_loops_ring,
          beargit_hepliaklqana_dungeon_heroes, gammafunk_ghost_nasty_kobolds
D:7:      layout_gridville, mainiacjoe_overflow_small_starburst,
          minmay_temple_entry_offerings
D:8:      layout_rooms, grunt_temple_overflow_forces_of_nature,
          mainiacjoe_overflow_chevrons, mainiacjoe_overflow_six_doors_small,
          kennysheep_mini_moat, serial_glass, glass_columns_a, glass_columns_c,
          glass_columns_a, glass_columns_a
D:9:      layout_gridville, erik_lair_orcish_takeover, gammafunk_ghost_icy
D:10:     layout_loops_ring, uniq_urug
D:11:     layout_basic
D:12:     minmay_the_grid_3x3 [minmay_the_grid_spikes, minmay_the_grid_x,
          minmay_the_grid_gridbox, minmay_the_grid_minigrid_medium,
          minmay_the_grid_garden, minmay_the_grid_plusring,
          minmay_the_grid_rooms, minmay_the_grid_dragon_b,
          minmay_the_grid_prize_diamond_cup], layout_irregular_city,
          orc_0_dummy, nicolae_trove_entry_crossroad
Lair:1:   layout_small_grid, grunt_megastairs_5
Lair:2:   layout_roguey, serial_bayou_pond_c, st_stairs_10,
          infiniplex_staircase_pool_2, uniq_maggie
Lair:3:   layout_hall_layers, swamp_mist, minmay_snake_entry_spellcaster,
          uniq_gastronok
Lair:4:   wander_river, layout_long_grid, nicolae_slime_entry_slimehenge,
          lemuel_fruit_tree
Lair:5:   minmay_lair_end_frog_pond, layout_regular_city

Skill      XL: |  1  2  3  4  5  6  7  8  9 10 11 12 13 14 |
---------------+-------------------------------------------+-----
Short Blades   | 1 4 5 6 7 8 9 |  9.8
Axes           | 1 4 5 6 7 8 9 |  9.8
Maces & Flails | 1 4 5 6 7 8 9 |  9.8
Polearms       | 1 4 5 6 7 8 9 |  9.8
Ranged Weapons | 1 4 5 6 7 8 9 |  9.8
Throwing       | 1 4 5 6 7 8 9 |  9.8
Armour         | 1 4 5 6 7 8 9 |  9.8
Stealth        | 1 4 5 6 7 8 9 |  9.8
Shields        | 1 4 5 6 7 8 9 |  9.8
Unarmed Combat | 1 4 5 6 7 8 9 |  9.8
Evocations     | 1 4 5 6 7 8 9 |  9.8
Spellcasting   | 3 5 6 7 8 9 10 | 10.2
Conjurations   | 1 3 4 5 6 7 8 |  8.2
Hexes          | 1 3 4 5 6 7 8 |  8.2
Summonings     | 1 3 4 5 6 7 8 |  8.2
Necromancy     | 1 3 4 5 6 7 8 |  8.2
Translocations | 1 3 4 5 6 7 8 |  8.2
Transmutations | 1 3 4 5 6 7 8 |  8.2
Fire Magic     | 1 3 4 5 6 7 8 |  8.2
Ice Magic      | 1 3 4 5 6 7 8 |  8.2
Air Magic      | 1 3 4 5 6 7 8 |  8.2
Earth Magic    | 1 3 4 5 6 7 8 |  8.2
Poison Magic   | 1 3 4 5 6 7 8 |  8.2
Fighting       | 5 6 7 8 9 10 | 10.1
Long Blades    | 5 6 7 8 9 10 | 10.1
Staves         | 9 10 11 12 | 12.8
Dodging        | 6 7 8 9 10 | 10.8
Invocations    | 5 6 7 8 9 10 11 | 11.0

Action                   |  1- 3 |  4- 6 |  7- 9 | 10-12 | 13-15 || total
-------------------------+-------+-------+-------+-------+-------++-------
Melee: Quarterstaff      |    87 |    84 |    49 |   254 |       ||   474
       Bite              |     4 |     8 |    42 |    76 |    94 ||   224
       Whip              |       |       |   248 |       |       ||   248
       Punch             |       |       |    15 |    24 |    48 ||    87
       Headbutt          |       |       |    34 |   137 |   155 ||   326
       Hand axe          |       |       |       |    46 |       ||    46
       Flail             |       |       |       |   329 |   678 ||  1007
       Mace              |       |       |       |    16 |     3 ||    19
Throw: Javelin           |       |     4 |    10 |     2 |       ||    16
       Dart              |       |       |     6 |    47 |    77 ||   130
       Boomerang         |       |       |       |     3 |     2 ||     5
 Cast: Call Canine Famil |       |       |       |     4 |     2 ||     6
       Slow              |       |       |       |     1 |     4 ||     5
       Teleport Other    |       |       |       |     1 |       ||     1
       Sandblast         |       |       |       |       |     4 ||     4
       Ozocubu's Armour  |       |       |       |       |     1 ||     1
       Gell's Gravitas   |       |       |       |       |     1 ||     1
Invok: Heal Other        |       |       |       |     6 |    16 ||    22
       Heal Self         |       |       |       |     4 |     6 ||    10
       Divine Vigour     |       |       |       |     1 |       ||     1
 Abil: Evoke Blink       |       |       |     2 |       |       ||     2
Evoke: Wand              |       |       |       |     1 |    20 ||    21
       Box of beasts     |       |       |       |       |     1 ||     1
  Use: Scroll            |     1 |    11 |     5 |     7 |    10 ||    34
       Potion            |       |     2 |     6 |     2 |     4 ||    14
 Stab: Sleeping          |     1 |     3 |    14 |     5 |     3 ||    26
       Distracted        |       |       |     3 |     2 |       ||     5
       Petrified         |       |       |       |       |     6 ||     6
       Petrifying        |       |       |       |       |     1 ||     1
Armor: Leather armour    |    19 |    32 |    69 |   279 |   345 ||   744
Dodge: Dodged            |    47 |    73 |   231 |   750 |   615 ||  1716
Block: Other             |       |       |       |    84 |   187 ||   271
       Reflection        |       |       |       |     1 |     3 ||     4
       Kite shield       |       |       |       |       |    77 ||    77
